 Dungeon Crawl Stone Soup version 0.30-a0-722-g3e6e8c874d (webtiles) character file.

Game seed: 4555865162148332248

8770 Dittersdorf the Protected (level 11, -8/72 HPs)
             Began as a Gargoyle Fighter on Jan 27, 2023.
             Was a Priest of Okawaru.
             Mangled by a red ugly thing (18 damage)
             ... on level 7 of the Dungeon.
             The game lasted 00:14:41 (6990 turns).

Dittersdorf the Protected (Gargoyle Fighter)        Turns: 6990, Time: 00:14:42

Health: -8/72      AC: 30    Str: 23    XL:     11   Next: 36%
Magic:  10/11      EV:  7    Int: 10    God:    Okawaru [***...]
Gold:   302        SH:  6    Dex:  9    Spells: 8/10 levels left

rFire   . . .      SeeInvis .    z - +1 morningstar
rCold   . . .      Faith    .    c - +0 buckler
rNeg    + . .      Spirit   .    x - +0 plate armour
rPois   ∞          Reflect  .    (no helmet)
rElec   +          Harm     .    s - +2 cloak {rCorr}
rCorr   +          Rampage  .    y - +0 pair of gloves
Will    .....                    p - +1 pair of boots Stlth
                                 h - amulet of regeneration
HPRegen 1.12/turn                r - ring of flight
MPRegen 0.12/turn                o - ring of resist corrosion

@: flying
A: sickness immunity, AC +8, negative energy resistance 1, electricity
resistance, torment resistance 1, petrification resistance
a: Renounce Religion, Heroism


You were on level 7 of the Dungeon.
You worshipped Okawaru.
Okawaru was most pleased with you.
You visited 2 branches of the dungeon, and saw 9 of its levels.

You collected 302 gold pieces.

Inventory:

Hand Weapons
 z - a +1 morningstar (weapon)
Armour
 c - a +0 buckler (worn)
 p - a +1 pair of boots (worn)
 s - a +2 cloak of preservation (worn)
 x - a +0 plate armour (worn)
 y - a +0 pair of gloves (worn)
Jewellery
 h - an amulet of regeneration (around neck)
 j - a ring of fire
 o - a ring of resist corrosion (right hand)
 r - a ring of flight (left hand)
Wands
 a - a wand of digging (5)
 w - a wand of iceblast (2)
 A - a wand of flame (63)
Scrolls
 b - a scroll of blinking
 i - 4 scrolls of poison
 l - 3 scrolls of teleportation
 B - a scroll of fear
Potions
 d - a potion of might
 f - 2 potions of brilliance
 g - 4 potions of berserk rage {unknown}
 k - a potion of ambrosia {unknown}
 m - 2 potions of curing
 n - a potion of resistance {unknown}
 q - a potion of mutation {unknown}
 t - 2 potions of lignification {unknown}
 u - 3 potions of heal wounds {unknown}
 v - 2 potions of flight {unknown}


   Skills:
 + Level 10.1 Fighting
 + Level 9.0 Maces & Flails
 + Level 10.2 Armour
 + Level 10.2 Shields


You had 8 spell levels left.
You knew the following spells:

 Your Spells              Type           Power      Damage    Failure   Level
a - Passwall              Tmut/Erth      0%         N/A       100%        2

Your spell library contained the following spells:

 Spells                   Type           Power      Damage    Failure   Level
 Magic Dart               Conj           0%         1d3       99%         1
 Necrotise                Necr           0%         1d4       99%         1
 Ensorcelled Hibernation  Hex/Ice        0%         N/A       100%        2
 Mephitic Cloud           Conj/Pois/Air  0%         N/A       100%        3
 Swiftness                Air            0%         N/A       100%        3
 Vampiric Draining        Necr           0%         2d6       100%        3
 Agony                    Necr           0%         N/A       100%        5
 Call Imp                 Summ           Unusable   N/A       N/A         2

Dungeon Overview and Level Annotations

Branches:
Dungeon (8/15)             Temple (1/1) D:7
   Lair: D:8-11

Altars:
Ashenzari
Cheibriados
Dithmenos
Fedhas
Gozag
Hepliaklqana
Kikubaaqudgha
Makhleb
Nemelex Xobeh
Okawaru
Ru
Trog
Vehumet
Wu Jian
Xom
Yredelemnul
Zin
The Shining One

Annotations:
D:4 1 runed translucent door, demibob's ghost, amateur DsGl
D:7 1 transporter, Loveship's ghost, novice DrAE


Innate Abilities, Weirdness & Mutations

You are immune to sickness and miasma.
Your stone body is resilient. (AC +8)
You are immune to poison.
You resist negative energy. (rN+)
You are resistant to electric shocks. (rElec)
You are resistant to unholy torment.
You are immune to petrification.


Message History

The red ugly thing stings you but does no damage.
You block the quokka's attack. Something hits you. Something shocks you.
You resist.
You closely miss something.
The red ugly thing stings you but does no damage.
The quokka twitches its whiskers.
You block the quokka's attack.
You hit something. Something hits you but does no damage.
You block the quokka's attack. The red ugly thing closely misses you.
You thump the quokka!
You kill the quokka!
Something completely misses you.
The red ugly thing stings you but does no damage.
You closely miss the orc. The orc hits you but does no damage.
Something hits you but does no damage.
You puncture the orc!
You kill the orc!
Okawaru accepts your kill.
The red ugly thing stings you but does no damage.
Something hits you but does no damage. The red ugly thing stings you.
You are engulfed in flames!!
You see here a +0 whip.
The red ugly thing attacks as you move away!
The red ugly thing stings you but does no damage.
You puncture the red ugly thing!
The red ugly thing is lightly wounded.
The red ugly thing stings you!
You are engulfed in flames!!
* * * LOW HITPOINT WARNING * * *
You hit the red ugly thing but do no damage.
The red ugly thing is lightly wounded.
The red ugly thing stings you but does no damage.
The red ugly thing attacks as you move away!
The red ugly thing barely misses you.
You feel like a meek peon again. You block the red ugly thing's attack.
The red ugly thing attacks as you move away!
The red ugly thing stings you.
* * * LOW HITPOINT WARNING * * *
You are engulfed in flames!!
You die...

#.# #.##.##
#.##.......... #.#
#.#...###.##.####....#
########>#
#.......)>÷...........
.........#
#.)...############.#..
########## #..#.##
##########.#.) #..#.#
#..........).# #..#.#
#.###...##.#..
#..#u####.##..........
#####
#..#.@................
....#
#.....................
###.#
##.######.#...........
#.# #.# #.####........
#.#########.# #.#
#.?<....#
#...........# #.#
####...##
############# #.#
###... #.# ##.#
#.##########[#


You could see a red ugly thing.

Vanquished Creatures
  A centaur warrior (D:8)
  A boulder beetle (D:8)
  A two-headed ogre (D:8)
  3 death yaks (D:7)
  A manticore (D:8)
  A troll (D:6)
  Grinder (D:3)
  5 yaks (D:7)
  2 steam dragons
  Menkaure (D:7)
  Duvessa (D:4)
  A water moccasin (D:5)
  2 orc warriors
  4 ice beasts
  3 black bears
  A sky beast (D:6)
  An ogre (D:5)
  2 centaurs
  4 phantoms
  5 kobold brigands
  3 necrophages (D:6)
  3 scorpions
  Dowan (D:4)
  3 hounds
  Crazy Yiuf (D:6)
  2 orc priests
  A gnoll bouda (Temple)
  3 hell rats
  5 iguanas
  11 orc wizards
  11 gnolls
  5 adders
  4 white imps
  2 ufetubi (D:7)
  4 worms
  A dart slug (D:3)
  25 orcs
  6 ball pythons
  2 endoplasms
  6 giant cockroaches
  5 goblins
  13 hobgoblins
  6 jackals
  42 kobolds
  5 quokkas
  5 bats
  2 frilled lizards (D:1)
  5 rats
223 creatures vanquished.

Vanquished Creatures (others)
  An orc wizard (D:6)
  11 plants
12 creatures vanquished.

Grand Total: 235 creatures vanquished

Notes
Turn   | Place    | Note
-------+----------+-------------------------------------------
     0 | D:1      | Dittersdorf the Gargoyle Fighter began the quest for the
                  | Orb.
     0 | D:1      | Reached XP level 1. HP: 14/14 MP: 1/1
   159 | D:1      | Reached XP level 2. HP: 19/19 MP: 2/2
   680 | D:2      | Reached XP level 3. HP: 18/24 MP: 3/3
   740 | D:2      | Reached XP level 4. HP: 29/29 MP: 4/4
   785 | D:2      | Learned a level 2 spell: Passwall
  1033 | D:2      | Found a shimmering altar of Xom.
  1435 | D:3      | Found a blossoming altar of Fedhas.
  1496 | D:3      | Reached XP level 5. HP: 22/33 MP: 5/5
  1931 | D:4      | Noticed Grinder
  1952 | D:3      | Paralysed by Grinder for 5 turns
  1968 | D:3      | Paralysed by Grinder for 4 turns
  1973 | D:3      | Paralysed by Grinder for 5 turns
  1978 | D:3      | Killed Grinder
  1979 | D:3      | Reached skill level 5 in Shields
  1979 | D:3      | Reached XP level 6. HP: 28/40 MP: 6/6
  2021 | D:3      | Reached skill level 5 in Fighting
  2021 | D:3      | Reached skill level 5 in Armour
  2224 | D:4      | Reached XP level 7. HP: 44/44 MP: 7/7
  2388 | D:4      | Noticed Duvessa
  2392 | D:4      | Noticed Dowan
  2398 | D:4      | Killed Duvessa
  2407 | D:4      | Killed Dowan
  2726 | D:4      | Found a glowing silver altar of Zin.
  2730 | D:4      | Found a shimmering altar of Xom.
  2734 | D:4      | Found a basalt altar of Yredelemnul.
  2771 | D:4      | Found a runed translucent door.
  2777 | D:4      | Noticed demibob's ghost (amateur DsGl)
  2977 | D:5      | Entered Level 5 of the Dungeon
  3024 | D:4      | Reached XP level 8. HP: 51/51 MP: 8/8
  3102 | D:5      | Reached skill level 5 in Maces & Flails
  3426 | D:5      | Found a radiant altar of Vehumet.
  3481 | D:5      | Reached XP level 9. HP: 56/56 MP: 9/9
  4385 | D:6      | Noticed a troll
  4394 | D:6      | Killed a troll
  4515 | D:6      | Reached XP level 10. HP: 64/64 MP: 10/10
  4612 | D:6      | Found a runed translucent door.
  4613 | D:6      | Noticed Crazy Yiuf
  4924 | D:6      | Killed Crazy Yiuf
  4993 | D:7      | Found a staircase to the Ecumenical Temple.
  5075 | D:7      | Found a broken altar of Ashenzari.
  5085 | Temple   | Entered the Ecumenical Temple
  5244 | Temple   | Became a worshipper of Warmaster Okawaru
  5717 | D:7      | Noticed Menkaure
  5721 | D:7      | Killed Menkaure
  5818 | D:7      | Found a transporter.
  5937 | D:7      | Found an ornate altar of the Wu Jian Council.
  5977 | D:7      | Noticed Loveship's ghost (novice DrAE)
  5978 | D:7      | Identified the +11 great mace "Corihergh" {venom, rPois
                  | rF+}
  6213 | D:7      | Reached * piety under Okawaru
  6231 | D:8      | Noticed a death yak
  6305 | D:8      | Noticed a death yak
  6323 | D:8      | Noticed a death yak
  6353 | D:7      | Killed a death yak
  6362 | D:7      | Killed a death yak
  6362 | D:7      | Reached ** piety under Okawaru
  6536 | D:7      | Killed a death yak
  6606 | D:8      | Found a bloodstained altar of Trog.
  6665 | D:8      | Reached XP level 11. HP: 71/71 MP: 11/11
  6833 | D:8      | Noticed a two-headed ogre
  6836 | D:8      | Noticed a boulder beetle
  6840 | D:8      | Killed a two-headed ogre
  6841 | D:8      | Noticed a centaur warrior
  6844 | D:8      | Noticed a manticore
  6850 | D:8      | Noticed a red ugly thing
  6859 | D:8      | Killed a boulder beetle
  6859 | D:8      | Reached *** piety under Okawaru
  6860 | D:8      | Reached skill level 10 in Armour
  6860 | D:8      | Reached skill level 10 in Shields
  6868 | D:8      | Killed a centaur warrior
  6869 | D:8      | Reached skill level 10 in Fighting
  6907 | D:8      | Killed a manticore
  6990 | D:7      | Mangled by a red ugly thing

Illustrated notes

Levels and vault maps discovered:
D:1:      scummos_arrival_star, layout_loops_ring, minmay_statues_item
D:2:      layout_loops_ring, basic_altar, kennysheep_another_room,
          minmay_indecisive_spiral
D:3:      layout_rooms, fedhas_altar_2
D:4:      kennysheep_kobold_camp, layout_basic, grunt_temple_overflow_diamond,
          ebering_ghost_reflecting_pool, st_stairs_3, uniq_duvessa, uniq_grinder
D:5:      layout_basic, vehumet_altar_wand_db, hangedman_decor_peaks_small,
          kennysheep_minor_cross
D:6:      layout_loops_ring, uniq_crazy_yiuf_cottage
D:7:      layout_loops_ring, pdpol_wu_jian_five_deadly_venoms,
          mainiacjoe_overflow_paths, minmay_temple_entry_junction_2,
          gammafunk_ghost_smash, uniq_menkaure
D:8:      minmay_the_grid_octo_triangle [minmay_the_grid_octo_fan_narrow,
          minmay_the_grid_octo_prize_single_spiral,
          minmay_the_grid_octo_toaster], layout_layer_cave,
          mainiacjoe_overflow_six_doors_small, marbit_many_paths,
          dpeg_lair_monsters, serial_bayou, serial_bayou_crossing,
          serial_bayou_pond_c, serial_bayou_shore_b, serial_bayou_pond_a
Temple:   hellmonk_temple_flake

Skill      XL: |  1  2  3  4  5  6  7  8  9 10 11 |
---------------+----------------------------------+-----
Shields        | 4 5 6 8 9 10 | 10.2
Armour         | 4 5 6 8 9 10 | 10.2
Fighting       | 4 5 6 8 9 10 | 10.1
Maces & Flails | 3 4 5 7 8 9 |  9.0

Action                     |  1- 3 |  4- 6 |  7- 9 | 10-12 || total
---------------------------+-------+-------+-------+-------++-------
  Melee: Flail             |    90 |   101 |       |       ||   191
         Morningstar       |       |    82 |   516 |   265 ||   863
  Throw: Dart              |       |    11 |     6 |     4 ||    21
 Invoke: Heroism           |       |       |       |     6 ||     6
    Use: Scroll            |       |     6 |     7 |     4 ||    17
         Potion            |       |       |       |     1 ||     1
 Armour: Scale mail        |    64 |   135 |   436 |    40 ||   675
         Plate armour      |       |       |       |   257 ||   257
  Dodge: Dodged            |    57 |   124 |   262 |    80 ||   523
  Block: Buckler           |    17 |    47 |   148 |   102 ||   314

Table legend: (Time is in decaauts)
 A = Elapsed time spent in this place.
 B = Non-inter-level travel time spent in this place.
 C = Inter-level travel time spent in this place.
 D = Time resting spent in this place.
 E = Time spent auto-exploring this place.
 F = Levels seen in this place.
 G = Mean time per level.
                   A        B        C        D        E       F      G
               +--------+--------+--------+--------+--------+-----+--------+
         Total |   7258 |   6856 |    402 |    365 |   4159 |   9 |  806.4 |
       Dungeon |   7053 |   6677 |    376 |    360 |   4027 |   8 |  881.6 |
        Temple |    205 |    179 |     26 |      5 |    132 |   1 |  205.0 |
               +--------+--------+--------+--------+--------+-----+--------+

Top non-repeatable levels by time:
     D:7: 1381 daAuts
     D:4: 1160 daAuts
     D:6: 1108 daAuts
     D:5: 949 daAuts
     D:2: 757 daAuts
     D:1: 722 daAuts
     D:3: 575 daAuts
     D:8: 399 daAuts
  Temple: 205 daAuts
